 Dungeon Crawl Stone Soup version 0.26-a0-1033-gd598b01645 (webtiles) character file.

Game seed: 1518986970424463117

44 Dittersdorf the Skirmisher (level 3, -4/24 HPs)
             Began as a Gargoyle Fighter on Dec 10, 2020.
             Killed from afar by an orc wizard (8 damage)
             ... with a magic dart
             ... on level 2 of the Dungeon.
             The game lasted 00:01:40 (1377 turns).

Dittersdorf the Skirmisher (Gargoyle Fighter)       Turns: 1377, Time: 00:01:41

Health: -4/24      AC: 13    Str: 20    XL:     3   Next: 62%
Magic:  12/12      EV:  7    Int:  8    God:
Gold:   76         SH: 10    Dex:  9    Spells: 2/2 levels left

rFire    . . .     SeeInvis .   a - +0 flail
rCold    . . .     Faith    .   c - +1 kite shield
rNeg     + . .     Spirit   .   b - +0 scale mail
rPois    ∞         Reflect  .   (no helmet)
rElec    +         Harm     .   f - +2 cloak
rCorr    .         Rampage  .   (no gloves)
Will     .....                  (no boots)
Stlth    ..........             (no amulet)
HPRegen  0.08/turn              j - ring of magical power
MPRegen  0.13/turn              (no ring)

@: no status effects
A: negative energy resistance 1, electricity resistance, unbreathing,
petrification resistance, rot immunity, AC +3
a: no special abilities


You were on level 2 of the Dungeon.
You visited 1 branch of the dungeon, and saw 2 of its levels.

You collected 76 gold pieces.

Inventory:

Hand Weapons
 a - a +0 flail (weapon)
Missiles
 l - 14 poisoned darts (quivered)
Armour
 b - a +0 scale mail (worn)
 c - a +1 kite shield (worn)
 f - a +2 cloak (worn)
Jewellery
 j - a ring of magical power (left hand)
Scrolls
 g - a scroll of remove curse
 k - a scroll of enchant armour
 m - 2 scrolls of amnesia {unknown}
Potions
 d - a potion of might
 e - a potion of resistance {unknown}
 h - 2 potions of curing {unknown}
 i - a potion of heal wounds {unknown}


   Skills:
 + Level 3.8 Fighting
 + Level 2.5 Maces & Flails
 + Level 3.7 Armour
 + Level 3.7 Shields


You had 2 spell levels left.
You didn't know any spells.
Your spell library was empty.

Dungeon Overview and Level Annotations

Branches:
Dungeon (2/15)

Altars:


Innate Abilities, Weirdness & Mutations

You are resistant to torment.
Your stone body is resilient. (AC +3)
You are immune to poison.
You resist negative energy. (rN+)
You are resistant to electric shocks. (rElec)
You can survive without breathing.
You are immune to petrification.
You are immune to rotting.


Message History

The orc priest hits you but does no damage.
Something hits you but does no damage.
You hit the orc priest but do no damage.
The orc priest is moderately wounded.
The orc priest hits you but does no damage.
Something hits you but does no damage.
You closely miss the orc priest.
The orc priest is moderately wounded.
Something hits you but does no damage.
The orc priest casts a cantrip, but nothing happens.
Something hits you but does no damage.
The orc priest mumbles some strange prayers to Beogh against you.
Pain shoots through your body!
* * * LOW HITPOINT WARNING * * *
You hit the orc priest.
The orc priest is moderately wounded.
You hear some strange, mumbled words.
A magic dart appears from out of thin air!
The magic dart hits you!
You die...

>. ..#.>.
.........#
.....#... ### # ##
...#_#.# #.# .#...
#..#..####.##.....
#.............# #
#.#..#o@....###
##.#.#..#{####.#
..#...<#†...# #.#
...........######{#
#..#.....<.........
# ##.##########..#
... #... #### ##.#
#.#


You could see an orc priest.

Vanquished Creatures
  An ooze (D:1)
  A dart slug (D:1)
  A leopard gecko (D:1)
  3 orcs (D:1)
  2 giant cockroaches (D:1)
  5 goblins (D:1)
  2 hobgoblins (D:1)
  3 ball pythons (D:1)
  6 bats
  2 frilled lizards (D:1)
  2 kobolds (D:1)
  6 rats (D:1)
34 creatures vanquished.

Notes
Turn   | Place    | Note
-------+----------+-------------------------------------------
     0 | D:1      | Dittersdorf the Gargoyle Fighter began the quest for the
                  | Orb.
     0 | D:1      | Reached XP level 1. HP: 14/14 MP: 1/1
   266 | D:1      | Reached XP level 2. HP: 19/19 MP: 2/2
   769 | D:1      | Reached XP level 3. HP: 22/24 MP: 3/3
  1170 | D:2      | Found a faded altar of an unknown god.
  1377 | D:2      | Killed from afar by an orc wizard

Illustrated notes

Levels and vault maps discovered:
D:1:      saegor_arrival_miasma, layout_loops_corners, minmay_pentomino_o2
D:2:      layout_loops_ring, serial_co_window_serial, co_window_corner_a,
          co_window_paths_a, co_window_of_opportunity_a, co_window_corner_a,
          co_window_paths_a, co_window_of_opportunity_b, co_window_corner_cb,
          co_window_broadway_a, co_window_unsneaky_path_c,
          co_window_of_opportunity_b, co_window_sun, glass_columns_c,
          glass_columns_b, glass_columns_c, chequers_ecumenical_altar_simple,
          patterned_corridor, uniq_jessica

Action                   || total
-------------------------++-------
Melee: Flail             ||   125
  Use: Scroll            ||     2
Armor: Scale mail        ||    72
Dodge: Dodged            ||    41
Block: Kite shield       ||    68

Table legend: (Time is in decaauts)
 A = Elapsed time spent in this place.
 B = Non-inter-level travel time spent in this place.
 C = Inter-level travel time spent in this place.
 D = Time resting spent in this place.
 E = Time spent auto-exploring this place.
 F = Levels seen in this place.
 G = Mean time per level.
                   A        B        C        D        E       F      G
               +--------+--------+--------+--------+--------+-----+--------+
         Total |   1425 |   1389 |     36 |    145 |    925 |   2 |  712.5 |
       Dungeon |   1425 |   1389 |     36 |    145 |    925 |   2 |  712.5 |
               +--------+--------+--------+--------+--------+-----+--------+

Top non-repeatable levels by time:
     D:1: 1375 daAuts
     D:2: 50 daAuts
